 Dungeon Crawl Stone Soup version 0.19-a0-1268-g6c5d9f8 (webtiles) character file.

79224 4thArraOfDagon the Grappler (level 15, -12/182 HPs)
             Began as a Troll Gladiator on Aug 29, 2016.
             Killed from afar by a deep elf knight (30 damage)
             ... with a stone arrow
             ... on level 3 of the Elven Halls.
             The game lasted 01:11:31 (11786 turns).

4thArraOfDagon the Grappler (Troll Gladiator)      Turns: 11786, Time: 01:11:32

Health: -12/182    AC: 12    Str: 27    XL:     15   Next: 20%
Magic:  2/24       EV: 15    Int: 16    God:    Xom [..*...]
Gold:   611        SH:  0    Dex: 14    Spells: 5 memorised, 12 levels left

rFire  . . .     SeeInvis .     Q - +8 war axe of Compassion {vamp, rC++ Int+4 Dex+4}
rCold  + + .     Gourm    +     (armour currently unavailable)
rNeg   + . .     Faith    .     (no shield)
rPois  ∞         Spirit   .     T - +1 hat
rElec  +         Dismiss  .     n - +0 cloak
rCorr  .         Reflect  .     (gloves unavailable)
MR     +....     Harm     .     (boots unavailable)
Stlth  +......... Rnd*Tele +    P - amulet of regeneration
                                r - +5 ring of evasion
                                W - +3 ring of intelligence

@: statue-form, corroded, very slightly contaminated, slowed, very slow
A: unfitting armour, claws 3, fast metabolism 3, gourmand, regeneration 1,
(shaggy fur 0), teleportitis 1, (tough skin 0)
a: End Transformation, Renounce Religion


You were on level 3 of the Elven Halls.
You worshipped Xom.
You were a toy of Xom.
You were full.
You were a stone statue.
You visited 5 branches of the dungeon, and saw 27 of its levels.
You visited the Abyss 1 time.
You also visited: Bailey.

You collected 2543 gold pieces.
You spent 1932 gold pieces at shops.

Inventory:

Hand Weapons
 D - the +8 falchion of Urgency {elec, Stlth+}
   (You found it on level 10 of the Dungeon)

   Occasionally, upon striking a foe, it will discharge some electrical energy
   and cause terrible harm.
   It makes you more stealthy.
 E - a +0 giant spiked club of flaming
 Q - the +8 war axe of Compassion (weapon) {vamp, rC++ Int+4 Dex+4}
   (You found it on level 14 of the Dungeon)

   It inflicts no extra harm, but heals its wielder somewhat when it strikes a
   living foe.
   It affects your intelligence (+4).
   It affects your dexterity (+4).
   It greatly protects you from cold.
Missiles
 M - 19 large rocks (quivered)
Armour
 a - a +0 robe
 b - a +0 hat
 n - a +0 cloak (worn)
 o - a +2 robe of cold resistance
 A - a +2 robe of the Archmagi (melded)
 H - a +0 troll leather armour
 T - a +1 hat (worn)
Jewellery
 c - an uncursed ring of ice
 g - an uncursed ring of flight
 r - a +5 ring of evasion (right claw)
 C - an uncursed ring of see invisible
 P - an amulet of regeneration (around neck)
 R - an uncursed amulet of magic regeneration
 W - a +3 ring of intelligence (left claw)
Wands
 h - a wand of flame (25/48)
 j - a wand of disintegration (9/24)
 q - a wand of disintegration (12/24)
 y - a wand of acid (0/15)
 B - a wand of iceblast (11/15)
 N - a wand of iceblast (5/15)
 O - a wand of teleportation (3/9)
 S - a wand of random effects (35/48)
 Z - a wand of enslavement (10/24)
Scrolls
 l - 9 scrolls of remove curse
 m - 3 scrolls of enchant armour
 p - 3 scrolls of fog
 s - 6 scrolls of magic mapping
 u - a scroll of identify
 I - a scroll of amnesia
 L - a scroll of brand weapon
 V - 2 scrolls of recharging
Potions
 e - 3 potions of invisibility
 f - a potion of brilliance
 i - 3 potions of flight
 z - 2 potions of might
 F - a potion of curing
 G - a potion of magic
 J - 4 potions of ambrosia
 K - 2 potions of cancellation
 U - a potion of haste
Books
 k - a book of Transfigurations

   Spells                             Type                      Level
   a - Irradiate                      Conjuration/Transmutation    5
   b - Statue Form                    Transmutation/Earth          6
   c - Hydra Form                     Transmutation                6
   d - Dragon Form                    Transmutation                7
 v - a Necronomicon

   Spells                             Type                      Level
   a - Haunt                          Necromancy/Summoning         7
   b - Borgnjor's Revivification      Necromancy                   8
   c - Death's Door                   Charms/Necromancy            8
   d - Infestation                    Necromancy                   8
   e - Necromutation                  Transmutation/Necromancy     8
 X - a book of Air

   Spells                             Type                      Level
   a - Shock                          Conjuration/Air              1
   b - Swiftness                      Charms/Air                   2
   c - Repel Missiles                 Charms/Air                   2
   d - Static Discharge               Conjuration/Air              3
   e - Lightning Bolt                 Conjuration/Air              5
Comestibles
 d - 12 bread rations
 w - 11 royal jellies
 x - 8 meat rations


   Skills:
 - Level 7.0 Fighting
 + Level 6.5 Axes
 - Level 1.7 Throwing
 - Level 2.4 Dodging
 - Level 12.4 Unarmed Combat
 - Level 7.0 Spellcasting
 - Level 10.7 Transmutations
 - Level 12.3 Earth Magic


You had 12 spell levels left.
You knew the following spells:

 Your Spells              Type           Power        Failure   Level  Hunger
a - Statue Form           Tmut/Erth      #####....    21%         6    #######
b - Repel Missiles        Chrm/Air       #.....       21%         2    None
c - Swiftness             Chrm/Air       #.......     21%         2    None
d - Passwall              Tmut/Erth      #####.....   1%          2    None
e - Passage of Golubria   Tloc           N/A          96%         4    ####...


Dungeon Overview and Level Annotations

Branches:
Dungeon (15/15) Temple (1/1) D:5 Lair (6/6) D:10 Spider (0/4) Lair:4 Slime (0/5) Lair:6 Orc (2/2) D:10 Elf (3/3) Orc:2 Vaults (0/5) D:13 D:14 Swamp: Lair:2-4 Shoals: Lair:2-4 Depths: D:15

Altars:
Ashenzari
Cheibriados
Dithmenos
Elyvilon
Fedhas
Gozag
Hepliaklqana
Okawaru
Qazlal
Ru
Trog
Xom
Yredelemnul
Zin

Shops:
D:5 ?   D:11 *   D:13 ?   Orc:2 ?:((   Elf:3 =

Annotations:
Lair:3 exclusion: 2 oklob plants
Orc:2 1 exclusion
Elf:2 1 runed door


Innate Abilities, Weirdness & Mutations

You are too large for most types of armour.
You have claws for hands.
Your metabolism is lightning-fast.
You like to eat raw meat.
Your natural rate of healing is unusually fast.
((You are covered in fur. (AC +1)))
((You have very tough skin. (AC +2)))
You are occasionally teleported next to monsters.


Message History

* * * LOW HITPOINT WARNING * * *
You emit a cloud of colourful smoke!
Found a scale mail and a runed whip.
Unknown command.
Unknown command.
Unknown command.
Unknown command.
Okay, then.
Casting: Statue Form
Confirm with . or Enter, or press ? or * to list all spells.
You feel a surge of power!
You turn into a living statue of rough stone.
Your +2 robe of the Archmagi melds into your body.
You feel strangely numb.
Unknown command.
You miss the deep elf knight.
The deep elf knight gestures at you while chanting.
The stone arrow hits you!
You die...
Xom cackles wildly!

,,,** **,,,,*,* ,,,,**
**,,,,,,,** ,,*,,*
*,,*,,,,,,* ,***,***
***,***,,,,,* ,*
*,,,***,,,* *,,,,,# **
***,,*,,*** ***,,.#
**,,,** **..# **
***,,,,,*** ###§..# ,*
*,,,,,,,,,* #8§...#*
,***,,,,,,,,,**#e§....#
,,*,,,,,,,,,,,*.......#
,,,,,,,,,,*,,,......[.#
,,,,,,,,,,,,,......)..#
***,,,,,,***####.....##
,,,,,,,,,,,,,,,.######
,,,,,**********#*
******


You could see a deep elf knight.

Vanquished Creatures
  Gastronok (D:11)
  Kirke (Lair:6)
  2 orc warlords (Orc:1)
  A deep elf annihilator (Elf:3)
  A ragged hierophant (Elf:1)
  A fire dragon (Lair:6)
  Erolcha (D:9)
  Fannar (D:11)
  4 hydras
  A peacekeeper (Elf:1)
  A spark wasp (D:11)
  5 ogre magi
  5 centaur warriors
  2 dancing weapons (Elf:1)
  5 deep elf knights
  An iron troll (Orc:2)
  A sea snake (D:11)
  An unseen horror (D:13)
  A deep troll (D:15)
  4 deep elf archers (Elf:1)
  2 hill giants
  4 orc knights
  4 cyclopes
  24 deep elf magi
  3 orc sorcerers
  A manticore (D:13)
  2 black mambas
  6 elephants
  A centaur skeleton (D:14)
  4 spiny frogs
  2 rime drakes (Lair:6)
  A freezing wraith (D:13)
  6 komodo dragons
  A yaktaur (D:15)
  8 trolls
  A slime creature (D:14)
  16 two-headed ogres
  5 dream sheep
  8 blink frogs (Lair:4)
  A saltling (Elf:1)
  7 yaks (Lair:5)
  10 redbacks
  2 wraiths
  3 wyverns
  3 fire elementals (Elf:1)
  2 hungry ghosts (D:13)
  A golden eye (Orc:2)
  3 basilisks
  2 hippogriffs
  3 hogs (Lair:6)
  A steam dragon (Lair:6)
  5 wargs
  A mottled dragon (D:12)
  7 water moccasins
  5 porcupines
  4 swamp drakes
  32 orc warriors
  2 ice beasts
  3 sky beasts
  3 black bears
  A wasp (D:11)
  An eye of draining (D:9)
  2 phantoms
  4 wolves (Lair:3)
  34 ogres
  10 centaurs
  14 crocodiles
  Blork the orc (D:6)
  12 giant frogs
  2 earth elementals (Elf:1)
  A water moccasin skeleton (D:7)
  11 killer bees
  3 scorpions
  4 wights (D:11)
  4 howler monkeys
  5 crimson imps
  5 jellies
  4 quasits
  2 centaur zombies
  3 hounds
  18 orc priests
  16 orc wizards
  A giant frog skeleton (D:11)
  6 iguanas
  Jessica (D:3)
  4 worker ants
  A hell rat (D:10)
  5 gnolls
  7 adders
  An adder (shapeshifter) (D:8)
  16 river rats
  2 shadow imps
  6 oozes
  An adder skeleton (D:4)
  2 dart slugs
  7 giant geckos
  66 orcs
  3 bats
  3 giant cockroaches
  5 goblins
  6 hobgoblins
  5 quokkas
  A giant newt (D:5)
  14 kobolds
  6 rats
  2 fungi
  2 plants
569 creatures vanquished.

Vanquished Creatures (collateral kills)
  A dancing weapon (Elf:1)
  An orc high priest (Orc:1)
  A deep elf knight (Elf:1)
  An unseen horror (D:10)
  A deep elf mage (Elf:1)
  A redback (Elf:1)
  A yak (Lair:5)
  2 orc warriors (Orc:1)
  2 orc priests (Orc:1)
11 creatures vanquished.

Vanquished Creatures (others)
  A wizard (Elf:2)
  An air elemental (Elf:1)
  A boggart (Elf:2)
  An orc (Orc:2)
  4 fungi
  2 plants
10 creatures vanquished.

Grand Total: 590 creatures vanquished

Notes
Turn   | Place    | Note
-------+----------+-------------------------------------------
     0 | D:1      | 4thArraOfDagon the Troll Gladiator began the quest for the Orb.
     0 | D:1      | Reached XP level 1. HP: 19/19 MP: 0/0
     0 | D:1      | jacquesderrida: gud itens
   343 | D:2      | Reached XP level 2. HP: 28/28 MP: 1/1
   380 | D:2      | Reached XP level 3. HP: 35/35 MP: 2/2
   477 | D:3      | Noticed Jessica
   481 | D:3      | Killed Jessica
   566 | D:3      | Reached XP level 4. HP: 41/44 MP: 3/3
   684 | D:3      | jacquesderrida: King armar spawned in this game
   698 | D:3      | jacquesderrida: You will get it by D14
   723 | D:4      | jacquesderrida: ENJOY ;^)
   779 | D:5      | Entered Level 5 of the Dungeon
   781 | D:5      | Found a basalt altar of Yredelemnul.
   832 | D:5      | 4thArraOfDagon: lets seee
   848 | D:5      | Found a staircase to the Ecumenical Temple.
   857 | Temple   | Entered the Ecumenical Temple
   858 | Temple   | jacquesderrida: My dad is developer in nintendo, I asked him to rig your game
   884 | Temple   | jacquesderrida: Xom likey
   884 | Temple   | 4thArraOfDagon: xom
   884 | Temple   | jacquesderrida: HEPLER
   884 | Temple   | jacquesderrida: KLANER
   884 | Temple   | jacquesderrida: PLS
   887 | Temple   | Became a worshipper of Xom of Chaos
   888 | Temple   | jacquesderrida: ASK FOR BATEL MEIG
   900 | Temple   | jacquesderrida: ;^(
   919 | D:5      | Found Muqic's Magic Scroll Emporium.
   931 | D:5      | jacquesderrida: O
   934 | D:5      | jacquesderrida: Shoppe
   934 | D:5      | Bought a scroll of identify for 24 gold pieces
   934 | D:5      | Bought a scroll of magic mapping for 42 gold pieces
   934 | D:5      | Bought a scroll of fog for 24 gold pieces
   934 | D:5      | Bought a scroll of random uselessness for 12 gold pieces
   934 | D:5      | Bought a scroll of identify for 24 gold pieces
   956 | D:5      | Noticed a centaur
   973 | D:5      | Killed a centaur
   973 | D:5      | Reached skill level 5 in Unarmed Combat
   973 | D:5      | Reached XP level 5. HP: 35/53 MP: 4/4
  1100 | D:5      | 4thArraOfDagon: king armar
  1100 | D:5      | 4thArraOfDagon: what is he
  1138 | D:6      | Noticed Blork the orc
  1138 | D:6      | Noticed an ogre
  1148 | D:5      | Killed an ogre
  1148 | D:5      | Reached XP level 6. HP: 61/61 MP: 4/6
  1170 | D:5      | Learned a level 6 spell: Statue Form
  1180 | D:6      | Killed Blork the orc
  1180 | D:6      | Reached skill level 1 in Spellcasting
  1221 | D:6      | Found an opulent altar of Gozag.
  1243 | D:6      | XOM: potion effect (berserk rage)
  1247 | D:6      | XOM: enchant monster (good)
  1293 | D:6      | Noticed a sky beast
  1303 | D:6      | XOM: fog
  1304 | D:6      | Killed a sky beast
  1304 | D:6      | Reached XP level 7. HP: 45/67 MP: 7/7
  1479 | D:6      | Found a white marble altar of Elyvilon.
  1685 | D:7      | jacquesderrida: he is gud
  1717 | D:7      | jacquesderrida: he lives for trall
  1722 | D:7      | Found a bloodstained altar of Trog.
  1739 | D:7      | Reached XP level 8. HP: 66/78 MP: 8/10
  1778 | D:7      | jacquesderrida: xom will give
  1783 | D:7      | XOM: mild Tmut miscast
  1797 | D:7      | XOM: blink monster(s)
  1895 | D:7      | Gained mutation: Your system is resistant to poisons. (rPois) [mutagenic meat]
  1898 | D:7      | Gained mutation: Scrolls take you a little longer to read. [mutagenic meat]
  1930 | D:8      | XOM: noise
  1933 | D:8      | 4thArraOfDagon: oke
  1946 | D:8      | Noticed a hill giant
  1948 | D:8      | XOM: scenery: 1 doors open
  1955 | D:8      | jacquesderrida: o
  1974 | D:7      | xom hep
  1995 | D:7      | XOM: scenery: create altars
  1999 | D:7      | XOM: fog
  2014 | D:7      | XOM: summons friendly iron imp
  2045 | D:7      | XOM: 4-stop teleportation journey
  2054 | D:7      | XOM: cleaving
  2058 | D:7      | XOM: smoke on damage
  2059 | D:7      | Killed a hill giant
  2059 | D:7      | Reached skill level 5 in Fighting
  2059 | D:7      | Reached XP level 9. HP: 32/88 MP: 12/12
  2065 | D:7      | jacquesderrida: o
  2129 | D:8      | XOM: scenery: 1 doors open, 1 doors close
  2181 | D:8      | Found a flagged portal.
  2192 | Bailey   | Entered a bailey
  2197 | Bailey   | XOM: give mutations
  2197 | Bailey   | Gained mutation: Your flesh is heat resistant. (rF+) [Xom's grace]
  2197 | Bailey   | Gained mutation: Your mind is acute. (Int +2) [Xom's grace]
  2197 | Bailey   | Gained mutation: You have large cloven feet. [Xom's grace]
  2424 | Bailey   | XOM: give mutations
  2424 | Bailey   | Gained mutation: You are agile. (Dex +2) [Xom's grace]
  2424 | Bailey   | Lost mutation: Scrolls take you a little longer to read. [Xom's grace]
  2424 | Bailey   | Gained mutation: You have supernaturally acute eyesight. (SInv) [Xom's grace]
  2424 | Bailey   | Gained mutation: You have hoof-like feet. [Xom's grace]
  2429 | Bailey   | 4thArraOfDagon: gut?
  2429 | Bailey   | timbw: hoofs
  2456 | Bailey   | 4thArraOfDagon: trolltaur incoming!
  2505 | D:8      | timbw: I cant imagine hoofs being any good
  2516 | D:8      | timbw: Ce sucks
  2521 | D:8      | timbw: they have it
  2536 | D:8      | XOM: fog
  2567 | D:8      | timbw: its good flavour though
  2624 | D:7      | Reached skill level 10 in Unarmed Combat
  2642 | D:8      | XOM: confuse monster(s)
  2789 | D:9      | XOM: enchant monster (good)
  2790 | D:9      | Reached skill level 1 in Transmutations
  2790 | D:9      | Reached skill level 1 in Earth Magic
  2792 | D:9      | XOM: polymorph howler monkey -> adder
  2811 | D:9      | Noticed a troll
  2875 | D:9      | Found a shattered altar of Ashenzari.
  2915 | D:9      | Noticed Erolcha
  2919 | D:9      | AAAA
  2930 | D:9      | Killed Erolcha
  2930 | D:9      | Reached XP level 10. HP: 89/98 MP: 14/14
  3032 | D:10     | Entered Level 10 of the Dungeon
  3103 | D:10     | Noticed an unseen horror
  3103 | D:10     | XOM: cast spell 'Shadow Creatures'
  3112 | D:10     | Killed an unseen horror
  3123 | D:10     | Got a dazzling falchion
  3137 | D:10     | Identified the +8 falchion of Urgency {elec, Stlth+} (You found it on level 10 of the Dungeon)
  3197 | D:10     | Found a staircase to the Lair.
  3244 | D:11     | Noticed a red ugly thing
  3252 | D:11     | Noticed a spark wasp
  3252 | D:11     | a red ugly thing changed into a spark wasp
  3252 | D:11     | XOM: polymorph red ugly thing -> spark wasp
  3259 | D:11     | AAAAA
  3259 | D:11     | 4thArraOfDagon: aaaaa
  3264 | D:11     | Noticed a hill giant
  3269 | D:11     | HP: 2/147 [hill giant/giant club (24)]
  3270 | D:11     | 4thArraOfDagon: aaaa
  3271 | D:11     | Killed a spark wasp
  3273 | D:11     | Noticed a sea snake
  3273 | D:11     | a hill giant changed into a sea snake
  3273 | D:11     | XOM: polymorph hill giant -> sea snake
  3276 | D:11     | Killed a sea snake
  3285 | D:11     | Noticed Fannar
  3286 | D:11     | Gained mutation: You are occasionally teleported next to monsters. [potion of mutation]
  3286 | D:11     | Gained mutation: Your body sometimes deteriorates upon taking damage. [potion of mutation]
  3295 | D:11     | HP: 2/150 [Fannar/bolt of cold (23)]
  3296 | D:11     | XOM: cast spell 'Disjunction'
  3300 | D:11     | Killed Fannar
  3310 | D:11     | Turgon: Twice 2 HP within a few turns
  3327 | D:10     | 4thArraOfDagon: in xom we trust!
  3348 | D:10     | Found a staircase to the Orcish Mines.
  3348 | D:10     | XOM: 3-stop teleportation journey
  3349 | D:10     | NO
  3380 | D:10     | XOM: destruction
  3491 | D:10     | Noticed a centaur warrior
  3496 | D:10     | Killed a centaur warrior
  3496 | D:10     | Reached skill level 5 in Earth Magic
  3496 | D:10     | Reached XP level 11. HP: 96/107 MP: 16/16
  3795 | D:11     | Found Gemimpou's Assorted Antiques.
  3804 | D:11     | Bought a scroll labeled ERGHAXZ ZUYRGH for 28 gold pieces
  3804 | D:11     | Bought a puce potion for 25 gold pieces
  3804 | D:11     | Bought an emerald potion for 25 gold pieces
  3804 | D:11     | Bought a potion of lignification for 84 gold pieces
  3804 | D:11     | Bought a potion of might for 112 gold pieces
  3832 | D:12     | jacquesderrida: hi
  3842 | D:12     | jacquesderrida: Where is dragan armar
  3882 | D:12     | 4thArraOfDagon: on d:14
  3926 | D:13     | jacquesderrida: d14 pls
  3927 | D:13     | Noticed a centaur warrior
  3928 | D:13     | jacquesderrida: we need dragan
  3938 | D:13     | Killed a centaur warrior
  3939 | D:13     | Noticed a phantasmal warrior
  4013 | D:12     | XOM: enchant monster (good)
  4159 | D:11     | XOM: harmless Divn miscast
  4228 | D:11     | Lost mutation: You are agile. (Dex +2) [potion of mutation]
  4228 | D:11     | Gained mutation: Your spells are a little easier to cast, but a little less powerful. [potion of mutation]
  4371 | D:12     | Reached skill level 5 in Transmutations
  4465 | D:13     | XOM: divination: detect items
  4523 | D:13     | Found Modwaacu's Magic Scroll Emporium.
  4527 | D:13     | Bought a scroll of fog for 28 gold pieces
  4623 | D:13     | Noticed a centaur warrior
  4641 | D:13     | Killed a centaur warrior
  4689 | D:12     | XOM: scenery: create altars
  4727 | D:14     | Found a gate to the Vaults.
  4727 | D:14     | Noticed a tengu warrior
  4728 | D:14     | there
  4728 | D:14     | 4thArraOfDagon: its here
  4750 | D:13     | XOM: mild Ice miscast
  4847 | D:13     | XOM: cast spell 'Leda's Liquefaction'
  4886 | D:13     | Noticed a centaur warrior
  4894 | D:13     | Killed a centaur warrior
  4918 | D:13     | XOM: cloud trail
  4923 | D:13     | Noticed an unseen horror
  4927 | D:13     | Killed an unseen horror
  4927 | D:13     | Reached skill level 5 in Spellcasting
  4980 | D:14     | Noticed a hill giant
  4984 | D:14     | Killed a hill giant
  4984 | D:14     | Reached XP level 12. HP: 113/118 MP: 18/18
  4990 | D:15     | Entered Level 15 of the Dungeon
  5041 | D:15     | XOM: potion effect (might)
  5045 | D:15     | XOM: smoke on damage
  5089 | D:15     | Noticed an ogre mage
  5093 | D:15     | XOM: divination: detect creatures
  5105 | D:15     | XOM: summons friendly crimson imp
  5116 | D:15     | Killed an ogre mage
  5174 | D:15     | Noticed a centaur warrior
  5192 | D:15     | Killed a centaur warrior
  5234 | D:14     | Got an iridescent war axe
  5253 | D:14     | XOM: harmless Pois miscast
  5263 | D:14     | Identified the +8 war axe of Compassion {vamp, rC++ Int+4 Dex+4} (You found it on level 14 of the Dungeon)
  5277 | D:13     | Noticed a death knight
  5402 | D:11     | Bought a curved copper wand for 112 gold pieces
  5405 | D:11     | Noticed Gastronok
  5405 | D:11     | jacquesderrida: give armar
  5431 | D:11     | jacquesderrida: I demand dragan armar
  5472 | D:11     | Killed Gastronok
  5584 | D:11     | Gained mutation: You occasionally shout uncontrollably at your foes. [mutagenic meat]
  5593 | D:11     | Gained mutation: Armour fits poorly on your strangely shaped body. [mutagenic meat]
  5747 | D:10     | XOM: noise
  5839 | Orc:1    | Entered Level 1 of the Orcish Mines
  5862 | Orc:1    | XOM: confusion (+ monsters)
  5881 | Orc:1    | XOM: repel stairs
  5884 | Orc:1    | what the
  5914 | Orc:1    | XOM: enchant monster (bad)
  5949 | Orc:1    | XOM: mild Air miscast
  5967 | Orc:1    | Noticed an orc warlord
  5980 | Orc:1    | Killed an orc warlord
  5985 | Orc:1    | XOM: enchant monster (bad)
  6002 | Orc:1    | 4thArraOfDagon: xom such a joker
  6114 | Orc:2    | Entered Level 2 of the Orcish Mines
  6149 | Orc:2    | XOM: scenery: create altars
  6253 | Orc:1    | Noticed an orc high priest
  6265 | Orc:1    | Killed an orc high priest
  6398 | Orc:2    | Found Koyboexe's Antique Weapon Shop.
  6398 | Orc:2    | Found Ugeneal's Book Emporium.
  6398 | Orc:2    | Found Ociwij's Antique Weapon Emporium.
  6398 | Orc:2    | Found Kaewatel's Magic Scroll Boutique.
  6398 | Orc:2    | Noticed an ogre mage
  6398 | Orc:2    | Noticed an ogre mage
  6398 | Orc:2    | jacquesderrida: I have a scrying ball
  6398 | Orc:2    | Noticed an ogre mage
  6398 | Orc:2    | Noticed an ogre mage
  6399 | Orc:2    | jacquesderrida: It predicts
  6399 | Orc:2    | jacquesderrida: Dagin:
  6402 | Orc:2    | XOM: confusion
  6403 | Orc:2    | jacquesderrida: Born in rags
  6411 | Orc:2    | jacquesderrida: Died in dregan king armer
  6411 | Orc:2    | XOM: enchant monster (bad)
  6419 | Orc:2    | Killed an ogre mage
  6419 | Orc:2    | Reached XP level 13. HP: 84/124 MP: 14/20
  6422 | Orc:2    | jacquesderrida: wew
  6422 | Orc:2    | 4thArraOfDagon: :)
  6435 | Orc:2    | XOM: cleaving
  6437 | Orc:2    | jacquesderrida: Big mans
  6453 | Orc:2    | XOM: swap monsters
  6479 | Orc:2    | jacquesderrida: Mans' status: killed
  6490 | Orc:2    | XOM: polymorph ogre -> golden eye
  6492 | Orc:2    | Turgon: Cleave with stone claws, thanks, boss!
  6497 | Orc:2    | jacquesderrida: Slaughtered in their home
  6502 | Orc:2    | jacquesderrida: Eeeeeek
  6502 | Orc:2    | Bought a scroll of magic mapping for 49 gold pieces
  6502 | Orc:2    | Bought a scroll of identify for 28 gold pieces
  6502 | Orc:2    | Bought a scroll of identify for 28 gold pieces
  6502 | Orc:2    | Bought a scroll of identify for 28 gold pieces
  6502 | Orc:2    | Bought a scroll of identify for 28 gold pieces
  6502 | Orc:2    | Bought a scroll of magic mapping for 49 gold pieces
  6502 | Orc:2    | Bought a scroll of recharging for 133 gold pieces
  6504 | Orc:2    | Bought a book of Air for 455 gold pieces
  6504 | Orc:2    | jacquesderrida: C U R S E D scythe
  6507 | Orc:2    | Learned a level 2 spell: Repel Missiles
  6510 | Orc:2    | Learned a level 2 spell: Swiftness
  6511 | Orc:2    | 4thArraOfDagon: eeeeee
  6511 | Orc:2    | jacquesderrida: Eeeeeek
  6511 | Orc:2    | 4thArraOfDagon: yeeeeeeea
  6515 | Orc:2    | XOM: swap monsters
  6516 | Orc:2    | Found a staircase to the Elven Halls.
  6541 | Orc:2    | Noticed Snorg
  6551 | Orc:2    | XOM: harmless Hex miscast
  6682 | Orc:1    | Noticed an orc warlord
  6683 | Orc:1    | XOM: chaos upgrade
  6692 | Orc:1    | XOM: confusion
  6697 | Orc:1    | Killed an orc warlord
  6697 | Orc:1    | Reached skill level 10 in Earth Magic
  6711 | Orc:1    | ok you win
  6761 | Orc:2    | Noticed Snorg
  6761 | Orc:2    | Snorg changed into Snorg the elephant
  6761 | Orc:2    | XOM: polymorph Snorg -> Snorg the elephant
  6766 | Orc:2    | Killed Snorg the elephant
  6807 | Orc:2    | XOM: destruction
  6809 | Orc:2    | XOM: noise
  6907 | Orc:2    | XOM: enchant monster (good)
  7108 | Elf:1    | Entered Level 1 of the Elven Halls
  7174 | Orc:1    | Noticed an orc warlord
  7215 | Orc:1    | WTF
  7256 | Orc:1    | Identified the Incunabulum of Excruciating Venom
  7354 | Orc:1    | an orc warlord changed into an iron troll
  7354 | Orc:1    | XOM: polymorph orc warlord -> iron troll
  7355 | Orc:1    | XOM: chaos cloud
  7416 | Orc:2    | Lost mutation: Your body sometimes deteriorates upon taking damage. [miscasting Statue Form]
  7604 | Orc:1    | XOM: blink monster(s)
  7607 | Orc:1    | XOM: mild Conj miscast
  7686 | Orc:1    | XOM: smoke on damage
  7701 | Orc:1    | XOM: torment (30/124 hp)
  7784 | Orc:1    | XOM: torment (43/124 hp)
  7787 | Orc:1    | XOM: harmless Summ miscast
  7795 | Orc:1    | XOM: confusion (+ monsters)
  7875 | Orc:1    | XOM: give mutations
  7875 | Orc:1    | Lost mutation: Your spells are a little easier to cast, but a little less powerful. [Xom's mischief]
  7875 | Orc:1    | Lost mutation: Armour fits poorly on your strangely shaped body. [Xom's mischief]
  7970 | Lair:1   | Entered Level 1 of the Lair of Beasts
  8082 | Lair:1   | XOM: polymorph river rat -> giant cockroach
  8136 | Lair:2   | jacquesderrida: ax
  8137 | Lair:2   | XOM: scenery: 1 doors open
  8158 | Lair:2   | Reached skill level 1 in Axes
  8525 | Lair:3   | XOM: god gift: translucent dagger {god gift}
  8560 | Lair:4   | XOM: scenery: 2 doors open
  8575 | Lair:4   | Reached XP level 14. HP: 133/133 MP: 7/23
  8700 | Lair:4   | XOM: scenery: create altars
  8704 | Lair:4   | XOM: fake destruction
  8707 | Lair:4   | Gained mutation: Potions and wands are less effective at restoring your health. [mutagenic glow]
  8749 | Lair:4   | XOM: destruction
  8877 | Lair:5   | Learned a level 2 spell: Passwall
  8882 | Lair:5   | Learned a level 4 spell: Passage of Golubria
  8888 | Lair:4   | Found a hole to the Spider Nest.
  9067 | Lair:6   | Entered Level 6 of the Lair of Beasts
  9108 | Lair:6   | Noticed Kirke
  9128 | Lair:6   | Killed Kirke
  9266 | Lair:6   | XOM: summons friendly quasit
  9270 | Lair:6   | XOM: enchant monster (bad)
  9464 | Lair:5   | XOM: summons 4 friendly demons
  9470 | Lair:5   | Reached skill level 10 in Transmutations
  9569 | Lair:6   | XOM: harmless Air miscast
  9625 | Lair:6   | XOM: cast spell 'Dragon Form'
  9653 | Lair:6   | Found a staircase to the Slime Pits.
  9795 | Lair:5   | jacquesderrida: skeletals
  9819 | Lair:4   | jacquesderrida: Very scary
 10150 | Lair:1   | Lost mutation: You have hoof-like feet. [potion of cure mutation]
 10150 | Lair:1   | Lost mutation: Your mind is acute. (Int +2) [potion of cure mutation]
 10150 | Lair:1   | Lost mutation: Potions and wands are less effective at restoring your health. [potion of cure mutation]
 10150 | Lair:1   | Lost mutation: Your system is resistant to poisons. (rPois) [potion of cure mutation]
 10246 | D:10     | 4thArraOfDagon: rip mutation
 10370 | Elf:1    | XOM: silly message
 10380 | Orc:2    | XOM: cloud trail
 10448 | Elf:1    | XOM: harmless Conj miscast
 10492 | Elf:1    | XOM: harmless Summ miscast
 10654 | Elf:1    | Lost mutation: Your flesh is heat resistant. (rF+) [potion of cure mutation]
 10654 | Elf:1    | Lost mutation: You have large cloven feet. [potion of cure mutation]
 10654 | Elf:1    | Lost mutation: You occasionally shout uncontrollably at your foes. [potion of cure mutation]
 10654 | Elf:1    | Lost mutation: You have supernaturally acute eyesight. (SInv) [potion of cure mutation]
 10655 | Elf:1    | 4thArraOfDagon: :)
 10778 | Elf:1    | Paralysed by an orc sorcerer for 4 turns
 10780 | Elf:1    | XOM: mild Chrm miscast
 10877 | Elf:1    | XOM: enchant monster (good)
 10887 | Elf:1    | XOM: potion effect (invisibility)
 10889 | Elf:1    | XOM: summons friendly hellwing
 10905 | Elf:1    | XOM: scenery: 3 doors close
 10908 | Elf:1    | XOM: summons friendly quasit
 10944 | Elf:1    | XOM: summons friendly shadow imp
 10946 | Elf:1    | XOM: chaos upgrade
 11009 | Elf:1    | jacquesderrida: spooders
 11020 | Elf:1    | XOM: noise
 11071 | Elf:1    | XOM: summons friendly crimson imp
 11071 | Elf:1    | HP: 7/172 [deep elf knight/scimitar of holy wrath (16)]
 11075 | Elf:1    | HP: 3/172 [long sword of electrocution (11)]
 11221 | Elf:2    | XOM: confuse monster(s)
 11251 | Elf:1    | Reached XP level 15. HP: 80/140 MP: 19/24
 11353 | Elf:2    | Reached skill level 5 in Axes
 11535 | Elf:3    | Entered Level 3 of the Elven Halls
 11548 | Elf:3    | Found Vuimyidd's Jewellery Emporium.
 11596 | Elf:3    | XOM: enchant monster (good)
 11730 | Elf:2    | Found a runed gate.
 11757 | Elf:3    | Bought a +3 ring of intelligence for 204 gold pieces
 11760 | Elf:3    | Bought an uncursed amulet of regeneration for 390 gold pieces
 11776 | Elf:3    | XOM: mild Erth miscast
 11780 | Elf:3    | :)
 11782 | Elf:3    | Cast into level 3 of the Abyss (a deep elf sorcerer)
 11782 | Abyss:3  | Found a corrupted altar of Lugonu.
 11782 | Elf:3    | Escaped the Abyss
 11782 | Elf:3    | XOM: revert banishment
 11783 | Elf:3    | Noticed a deep elf sorcerer
 11784 | Elf:3    | XOM: smoke on damage
 11786 | Elf:3    | Killed from afar by a deep elf knight

Vault maps used:
D:1:      onia_arrival_pyramid
D:2:      eat_drink_and_be_merry_uskayaw, marbit_many_paths, old_standard_altar,
          serial_glass, glass_columns_c, glass_columns_a
D:3:      minmay_wonky_spiral, grunt_temple_overflow_lords_of_destruction,
          ecumenical_altar_1, minmay_hedge_maze, uniq_jessica
D:4:      serial_shops, kennysheep_mini, first_bread, uniq_edmund
D:5:      yredelemnul_altar_generic, serial_shops, shop_fountains,
          corexii_corridor_pit
D:6:      nicolae_overflow_hidden_temple, elyvilon_altar_3, uniq_blork_the_orc
D:7:      trog_ov_bears_minmay
D:8:      enter_bailey_2, hangedman_little_slice_of_home
D:9:      nemelex_altar_shiori, lemuel_coloured_pillars_altar,
          cheibrodos_ashenzari_chains, uniq_erolcha
D:10:     minmay_cornered_nines, dpeg_lair_monsters, erik_orc_1
D:11:     serial_shops, shop_fountains, uniq_gastronok, uniq_fannar
D:12:     roderic_serpentine_path
D:13:     serial_shops, kennysheep_mini_moat, basic_altar,
          hangedman_abyss_or_decor_clamps
D:14:     small_statue_intersection, amethyst_killhole, uniq_sonja
D:15:     hangedman_depths_entry_civil_slaughter, uniq_agnes
Temple:   jpeg_temple_island
Lair:1:   grunt_megastairs_2, uniq_harold
Lair:3:   swamp_mist_pool, disabler_island
Lair:4:   spider_nest_entry_webs, st_stairs_9, grunt_megastairs_3
Lair:5:   beast_lair_carwin_5
Lair:6:   guppyfry_lair_end_dragon, dpeg_slime_entry_corner,
          grunt_forest_small_clearings, uniq_kirke
Orc:1:    minmay_orc_treasury
Orc:2:    st_orc_ogre_mass, uniq_snorg
Elf:1:    eino_elf_arrival_sip, portal_desolation_entry_salt, nrook_uturn,
          spider_trap
Elf:2:    special_room, serial_shops, nicolae_shop_overgrown_old_shop,
          hangedman_elf_disciples
Elf:3:    minmay_elf_hall_curves, serial_shops, shop,
          roderic_lattice_octagonal_star
Abyss:3:  hangedman_abyss_river_spirits
Bailey:   bailey_axe_4, bailey

Skill      XL: |  1  2  3  4  5  6  7  8  9 10 11 12 13 14 15 |
---------------+----------------------------------------------+-----
Fighting       | 2 3 4 5 6 7 |  7.0
Unarmed Combat | 4 5 6 7 9 10 11 12 | 12.4
Spellcasting   | 1 2 3 4 5 6 7 |  7.0
Transmutations | 2 4 5 7 9 10 | 10.7
Earth Magic    | 2 5 6 9 10 12 | 12.3
Axes           | 1 4 6 |  6.5
Throwing       | |  1.7
Dodging        | |  2.4

Action                   |  1- 3 |  4- 6 |  7- 9 | 10-12 | 13-15 || total
-------------------------+-------+-------+-------+-------+-------++-------
Melee: Unarmed           |    44 |    66 |   265 |   577 |   263 ||  1215
       Punch             |       |     1 |    12 |    38 |    49 ||   100
       Kick              |       |       |    38 |   154 |   221 ||   413
       War axe           |       |       |       |       |   537 ||   537
       Tailslap          |       |       |       |       |     1 ||     1
Throw: Throwing net      |       |       |     3 |     6 |     1 ||    10
 Cast: Statue Form       |       |       |       |     1 |    47 ||    48
Evoke: Wand              |       |       |     1 |     6 |     5 ||    12
  Use: Scroll            |     2 |     3 |     3 |     9 |    18 ||    35
       Potion            |       |       |     1 |    17 |    13 ||    31
 Stab: Held in net/web   |       |       |     1 |     1 |       ||     2
       Paralysed         |       |       |       |     2 |       ||     2
       Confused          |       |       |       |     2 |     2 ||     4
       Petrifying        |       |       |       |       |     2 ||     2
       Invisible         |       |       |       |       |     6 ||     6
       Distracted        |       |       |       |       |     1 ||     1
       Petrified         |       |       |       |       |     2 ||     2
  Eat: Chunk             |     8 |     8 |    19 |    55 |   133 ||   223
       Beef jerky        |       |       |       |     1 |     3 ||     4
       Pizza             |       |       |       |       |     1 ||     1
Armor: Robe              |    30 |    20 |    93 |    86 |    50 ||   279
       Skin              |       |       |       |    71 |   593 ||   664
       Troll leather arm |       |       |       |    95 |     7 ||   102
Dodge: Dodged            |    31 |    36 |   143 |   272 |   839 ||  1321
